 Dungeon Crawl Stone Soup version 0.27.1 (webtiles) character file.

Game seed: 7281842727858978475

29 Tirrikindir the Skirmisher (level 3, 26/26 HPs)
             Began as an Octopode Fighter on Aug 30, 2021.
             Was a Follower of Jiyva.
             Got out of the dungeon alive.
             The game lasted 00:01:41 (633 turns).

Tirrikindir the Skirmisher (Octopode Fighter)        Turns: 633, Time: 00:01:41

Health: 26/26      AC:  1    Str: 15    XL:     3   Next: 16%
Magic:  3/3        EV: 11    Int: 10    God:    Jiyva [*.....]
Gold:   56         SH:  8    Dex: 12    Spells: 2/2 levels left

rFire    . . .     SeeInvis .   a - +0 long sword
rCold    . . .     Faith    .   b - +0 kite shield
rNeg     . . .     Spirit   .   (helmet restricted)
rPois    .         Reflect  .   (no amulet)
rElec    .         Harm     .   (no ring)
rCorr    .         Rampage  .   (no ring)
Will     .....                  (no ring)
Stlth    +++.......             (no ring)
HPRegen  0.08/turn              (no ring)
MPRegen  0.08/turn              (no ring)
                                (no ring)
                                (no ring)

@: no status effects
A: almost no armour, amphibious, 8 rings, camouflage 1, gelatinous body 1,
(nimble swimmer 1), tentacles
a: Renounce Religion, Request Jelly


You escaped.
You worshipped Jiyva.
Jiyva was aware of your devotion.
You visited 1 branch of the dungeon, and saw 1 of its levels.

You collected 56 gold pieces.

Inventory:

Hand Weapons
 a - a +0 long sword (weapon)
 e - a +4 dagger of venom
Missiles
 g - 8 silver boomerangs (quivered)
Armour
 b - a +0 kite shield (worn)
Scrolls
 d - a scroll of teleportation {unknown}
 f - 2 scrolls of identify {unknown}
Potions
 c - a potion of might


   Skills:
 + Level 3.2 Fighting
 * Level 2.5 Long Blades
 + Level 3.2 Dodging
 + Level 1.4 Stealth
 + Level 3.2 Shields


You had 2 spell levels left.
You didn't know any spells.
Your spell library contained the following spells:

 Spells                   Type           Power      Damage    Failure   Level
 Passwall                 Tmut/Erth      0%         N/A       95%         2
 Swiftness                Air            0%         N/A       99%         3
 Invisibility             Hex            0%         N/A       100%        6


Dungeon Overview and Level Annotations

Branches:
Dungeon (1/15)

Altars:
Jiyva


Innate Abilities, Weirdness & Mutations

You cannot wear most types of armour.
You are amphibious.
You can wear up to eight rings at the same time.
Your skin changes colour to match your surroundings (Stealth+).
Your rubbery body absorbs attacks. (AC +1, EV +1)
((You are camouflaged near water. (Stealth+)))
You have tentacles for arms and can constrict up to eight enemies at once.


Message History

What level of the Dungeon? (default 1, ? - help)
You hear a slurping noise.
You hear a distant slurping noise.
Jiyva appreciates your sacrifice.
There is an open door here.
You hear a distant slurping noise.
You hear a squelching noise.
You hear a distant slurping noise.
Throw: 8 boomerangs (silver)
Press: ? - help, Q - select action, (/) - cycle Shift-Dir - straight line, f - kobold
Aim: a kobold, wielding a +0 club (wandering, hasn't noticed you, 47% to hit)
You throw a silver boomerang. The kobold shouts!
The silver boomerang hits the kobold but does no damage.
The kobold is moderately wounded.
A rat comes into view.
The kobold misses you.
You hit the kobold. You grab the kobold.
The kobold is severely wounded.
You constrict the kobold, but do no damage.
The kobold closely misses you.
You release your grip on the kobold.
You block the kobold's attack. The rat barely misses you.
The kobold hits you with a +0 club. You block the rat's attack.
You closely miss the kobold. Your grab misses the kobold.
The kobold is severely wounded.
You block the kobold's attack. The rat closely misses you.
The kobold closely misses you. The rat bites you.
You barely miss the rat. You grab the rat. You constrict the rat.
You kill the rat!
You block the kobold's attack.
You barely miss the kobold. Your grab misses the kobold.
The kobold is severely wounded.
The kobold closely misses you.
You riposte.
You hit the kobold.
You kill the kobold!
(D) Dungeon
Where to? (Enter - D:1 @ (x,y), ? - help)
There is a staircase leading out of the dungeon here.
Are you sure you want to leave the Dungeon?
This will make you lose the game!
You hear a series of splatters.
You have escaped!

#.....###########..........
#.....# #....>..... #.#####
#.......... #..#
#.......... ##.#####
#.......... #.....####
########### #........###
#......#...# #......#.@.#
#...≈≈.#...# #...≈≈.#####
#........# ##########


There were no monsters in sight!

Vanquished Creatures
  A dart slug (D:1)
  A bat (D:1)
  2 endoplasms (D:1)
  A giant cockroach (D:1)
  4 goblins (D:1)
  4 hobgoblins (D:1)
  3 quokkas (D:1)
  3 frilled lizards (D:1)
  A kobold (D:1)
  4 rats (D:1)
24 creatures vanquished.

Notes
Turn   | Place    | Note
-------+----------+-------------------------------------------
     0 | D:1      | Tirrikindir the Octopode Fighter began the quest for the
                  | Orb.
     0 | D:1      | Reached XP level 1. HP: 16/16 MP: 1/1
    43 | D:1      | Reached XP level 2. HP: 21/21 MP: 2/2
    64 | D:1      | Reached skill level 1 in Stealth
   393 | D:1      | Reached XP level 3. HP: 23/26 MP: 3/3
   395 | D:1      | Found a faded altar of an unknown god.
   564 | D:1      | Became a worshipper of Jiyva Johuq the Shapeless
   564 | D:1      | Reached * piety under Jiyva
   633 | D:$      | Got out of the dungeon alive.

Illustrated notes

Levels and vault maps discovered:
D:1:      amcnicky_arrival_single_pillar, layout_basic,
          ebering_ecumenical_altar_hall, minmay_split_cup_large

Skill      XL: |  1  2 |
---------------+-------+-----
Stealth        | 1 |  1.4
Fighting       | |  3.2
Long Blades    | |  2.5
Dodging        | |  3.2
Shields        | |  3.2

Action                   || total
-------------------------++-------
Melee: Long sword        ||    35
       Constrict         ||    14
       Tentacles         ||     4
Throw: Boomerang         ||     1
 Stab: Sleeping          ||     4
Armor: Skin              ||     2
Dodge: Dodged            ||    18
Block: Kite shield       ||    21
       Rpst.: Long sword ||     3
